 Dungeon Crawl Stone Soup version 0.31.0-11-ge490571c62 (webtiles) character file.

Game seed: 1188134446815121245

62 qw the Shooter (level 3, -5/20 HPs)
             Began as a Deep Elf Hunter on Feb 4, 2024.
             Slain by a gnoll
             ... wielding a +0 spear
              (6 damage)
             ... on level 2 of the Dungeon.
             The game lasted 00:00:06 (1013 turns).

qw the Shooter (Deep Elf Hunter)                    Turns: 1013, Time: 00:00:06

Health: -5/20      AC:  5    Str: 10    XL:     3   Next: 85%
Magic:  5/5        EV: 11    Int: 13    God:
Gold:   103        SH:  0    Dex: 18    Spells: 2/2 levels left

rFire   . . .        a - +0 shortbow
rCold   . . .        (shield currently unavailable)
rNeg    . . .        i - +0 ring mail
rPois   .            (no helmet)
rElec   .            (no cloak)
rCorr   .            (no gloves)
SInv    .            (no boots)
Will    .....        (no amulet)
Stlth   +            (no ring)
HPRegen 0.23/turn    (no ring)
MPRegen 0.09/turn

%: no passive effects
@: no status effects
A: no striking features
a: no special abilities


You were on level 2 of the Dungeon.
You visited 1 branch of the dungeon, and saw 2 of its levels.

You collected 103 gold pieces.


   Skills:
 - Level 1.5 Fighting
 + Level 7.3 Ranged Weapons
 - Level 2.4 Dodging
 - Level 1.2 Stealth


You had 2 spell levels left.
You didn't know any spells.
Your spell library was empty.

Inventory:

Hand Weapons
 a - a +0 shortbow (weapon)
Armour
 h - a +0 helmet
 i - a +0 ring mail (worn)
Jewellery
 f - a ring of fire
Scrolls
 b - a scroll of fog {unknown}
 g - a scroll of identify {unknown}
Potions
 d - a potion of haste
 e - a potion of enlightenment {unknown}

Dungeon Overview and Level Annotations

Branches:
Dungeon (2/15)

Altars:


Message History

The arrow hits the gnoll but does no damage.
You shoot an arrow.
The arrow hits the gnoll but does no damage.
You shoot an arrow. The arrow barely misses the gnoll.
You shoot an arrow.
The arrow hits the gnoll but does no damage.
The gnoll hits you with a +0 flail. The gnoll hits you with a +0 flail!
Ouch! That really hurt!
Enter note:
Enter note:
1006 ||| RETREEEEATING.
You shoot an arrow.
The arrow hits the gnoll but does no damage.
The gnoll closely misses you.
You shoot an arrow. The arrow closely misses the gnoll. x2
The arrow hits the gnoll!
The gnoll is heavily wounded.
The gnoll closely misses you.
You shoot an arrow. The arrow hits the gnoll.
The gnoll is lightly wounded.
The gnoll hits you from afar with a +0 spear.
The gnoll hits you with a +0 flail.
A ribbon worm comes into view.
1010 ||| DRINKING potion of heal wounds.
You feel much better.
The gnoll hits you from afar with a +0 spear.
The gnoll hits you with a +0 flail!
Ouch! That really hurt!
You shoot an arrow. The arrow hits the gnoll!
The gnoll is severely wounded.
The gnoll closely misses you. The gnoll hits you with a +0 flail.
You shoot an arrow.
The arrow hits the gnoll but does no damage.
The gnoll is severely wounded.
The gnoll closely misses you. x2
The gnoll hits you from afar with a +0 spear.
You shoot an arrow. The arrow hits the gnoll.
The gnoll is moderately wounded.
The gnoll hits you from afar with a +0 spear.
You die...

###.........# ..#
###.#..####.# #.###
#......## #.# #.#.##
#.......###.####....####
.........%.............+
......#.###.####....####
###..##.###.####.#.##
#.........#.......#
#####.#####.##@##.# #.#
# ##g# ... #.# #gg# ...#
#.# #...w.?...# #.#
###......... #######.#
.........g ........#
..........g .########
..........## .#
#..........#


You could see a ribbon worm and 3 gnolls.

Vanquished Creatures
  Terence (D:2)
  An adder (D:2)
  3 dart slugs
  2 ball pythons (D:1)
  A giant cockroach (D:2)
  6 goblins (D:1)
  A quokka (D:2)
  5 bats
  A frilled lizard (D:2)
  2 rats
23 creatures vanquished.

Notes
Turn   | Place    | Note
-------+----------+-------------------------------------------
     0 | D:1      | qw the Deep Elf Hunter began the quest for the Orb.
     0 | D:1      | Reached XP level 1. HP: 12/12 MP: 3/3
     0 | D:1      | 0 ||| qw: Version: 0.3-a-160-g6735b56
     0 | D:1      | 0 ||| qw: Game counter: 4687
     0 | D:1      | 0 ||| qw: Melee chars always use a shield: true
     0 | D:1      | 0 ||| qw: God list: Okawaru
     0 | D:1      | 0 ||| qw: Allow faded altars: false
     0 | D:1      | 0 ||| qw: Do Orc after clearing Dungeon:15 true
     0 | D:1      | 0 ||| qw: Do second Lair branch before Depths: true
     0 | D:1      | 0 ||| qw: Lair rune preference: random
     0 | D:1      | 0 ||| qw: Goals: Normal
     0 | D:1      | 0 ||| PLANNING D:1-11
   199 | D:1      | Reached skill level 6 in Ranged Weapons
   199 | D:1      | Reached XP level 2. HP: 16/16 MP: 4/4
   527 | D:1      | Found a faded altar of an unknown god.
   562 | D:1      | 562 ||| DROPPING scarf of invisibility.
   563 | D:1      | 563 ||| UPGRADING to +0 ring mail.
   573 | D:1      | 573 ||| DROPPING +0 leather armour.
   574 | D:1      | 574 ||| READING scroll labelled GIOLUETOHAN.
   575 | D:1      | 575 ||| READING scroll labelled CIOGUGE ISEN.
   576 | D:1      | 576 ||| DRINKING 2 smoky emerald potions.
   577 | D:1      | 577 ||| DRINKING 2 coppery potions.
   578 | D:1      | 578 ||| DROPPING scroll of butterflies.
   591 | D:2      | Noticed Terence
   603 | D:2      | HP: 4/16 [Terence/+3 vampiric short sword (3)]
   604 | D:2      | 604 ||| DRINKING potion of heal wounds.
   608 | D:2      | Killed Terence
   609 | D:2      | Reached skill level 7 in Ranged Weapons
   609 | D:2      | Reached XP level 3. HP: 16/20 MP: 5/5
  1001 | D:2      | 1001 ||| RETREEEEATING.
  1006 | D:2      | 1006 ||| RETREEEEATING.
  1009 | D:2      | HP: 3/20 [gnoll/+0 flail (3)]
  1010 | D:2      | 1010 ||| DRINKING potion of heal wounds.
  1012 | D:2      | HP: 1/20 [gnoll/+0 spear (6)]
  1013 | D:2      | Slain by a gnoll

Levels and vault maps discovered:
D:1:      moated_graveyard_arrival, layout_basic,
          shapermc_ecumenical_altar_mp_vishouse
D:2:      layout_loops_corners, basic_altar, uniq_terence

Skill      XL: |  1  2 |
---------------+-------+-----
Ranged Weapons | 6 7 |  7.3
Fighting       | |  1.5
Dodging        | |  2.4
Stealth        | |  1.2

Action                     || total
---------------------------++-------
   Fire: Shortbow          ||    74
    Use: Potion            ||     4
         Scroll            ||     2
 Armour: Leather armour    ||     2
         Ring mail         ||    17
  Dodge: Dodged            ||    11

Table legend:
 A = Non-vault XP
 B = Vault XP
 C = Vault XP percentage of total XP
 D = Non-vault monster count
 E = Vault monster count
 F = Vault count percentage of total count
                 A         B        C        D         E       F
            +---------+---------+-------+---------+---------+-------
      Total |      51 |      38 |  42.7 |      22 |       1 |   4.3
            +---------+---------+-------+---------+---------+-------
        D:1 |      25 |       0 |   0.0 |      13 |       0 |   0.0
        D:2 |      26 |      38 |  59.4 |       9 |       1 |  10.0
            +---------+---------+-------+---------+---------+-------
